 Dungeon Crawl Stone Soup version 0.27.1-33-g824d729ab1 (webtiles) character file.

Game seed: 3084014553640268538

81 SeanCanFly the Chopper (level 4, 0/40 HPs)
             Began as a Hill Orc Monk on Nov 25, 2021.
             Slain by a phantom (4 damage)
             ... on level 3 of the Dungeon.
             The game lasted 00:06:40 (2112 turns).

SeanCanFly the Chopper (Hill Orc Monk)              Turns: 2112, Time: 00:06:40

Health: 0/40       AC:  7    Str: 14    XL:     4   Next: 42%
Magic:  4/4        EV: 10    Int: 10    God:
Gold:   54         SH:  0    Dex: 13    Spells: 3/3 levels left

rFire    . . .     SeeInvis .   a - +0 hand axe
rCold    . . .     Faith    .   (no shield)
rNeg     . . .     Spirit   .   h - +1 scale mail
rPois    .         Reflect  .   (no helmet)
rElec    .         Harm     .   (no cloak)
rCorr    .         Rampage  .   (no gloves)
Will     +....                  (no boots)
Stlth    ..........             (no amulet)
HPRegen  0.13/turn              i - ring of willpower
MPRegen  0.09/turn              (no ring)

@: no status effects
A: no striking features
a: no special abilities


You were on level 3 of the Dungeon.
You visited 1 branch of the dungeon, and saw 3 of its levels.

You collected 54 gold pieces.

Inventory:

Hand Weapons
 a - a +0 hand axe (weapon)
 k - a +0 club
Armour
 b - a +0 robe
 c - a +0 ring mail
 h - a +1 scale mail (worn)
Jewellery
 i - a ring of willpower (left hand)
Scrolls
 e - a scroll of fog
 l - a scroll of identify {unknown}
Potions
 d - 2 potions of haste {unknown}
 f - 2 potions of brilliance {unknown}
 g - a potion of berserk rage {unknown}
 j - 2 potions of heal wounds {unknown}
 m - a potion of attraction {unknown}


   Skills:
 + Level 4.2 Fighting
 * Level 5.3 Axes
 * Level 2.2 Armour
 - Level 2.5 Dodging
 - Level 1.5 Stealth


You had 3 spell levels left.
You didn't know any spells.
Your spell library contained the following spells:

 Spells                   Type           Power      Damage    Failure   Level
 Foxfire                  Conj/Fire      0%         2x1d4     85%         1
 Static Discharge         Conj/Air       0%         N/A       94%         2
 Conjure Flame            Conj/Fire      0%         6-21      99%         3
 Inner Flame              Hex/Fire       0%         N/A       99%         3
 Dispel Undead            Necr           0%         3d6       100%        4
 Sticky Flame             Conj/Fire      0%         2d3       100%        4


Dungeon Overview and Level Annotations

Branches:
Dungeon (3/15)

Altars:
Gozag

Shops:
D:3 =


Message History

The phantom hits you but does no damage.
The orc barely misses you.
You hit the phantom but do no damage.
The phantom is severely damaged.
The phantom hits you.
* * * LOW HITPOINT WARNING * * *
You hit the phantom but do no damage.
The phantom is severely damaged.
The phantom misses you.
You hit the phantom.
The phantom is almost destroyed.
The phantom hits you but does no damage.
You barely miss the phantom.
The phantom is almost destroyed.
The phantom hits you.
* * * LOW HITPOINT WARNING * * *
You hit the phantom.
The phantom is almost destroyed.
The phantom closely misses you.
You barely miss the phantom.
The phantom is almost destroyed.
The phantom closely misses you.
You barely miss the phantom.
The phantom is almost destroyed.
The phantom barely misses you.
You closely miss the phantom.
The phantom is almost destroyed.
The phantom hits you!
* * * LOW HITPOINT WARNING * * *
The phantom closely misses you.
You hit the phantom.
The phantom is almost destroyed.
The phantom completely misses you.
You barely miss the phantom.
The phantom is almost destroyed.
The phantom hits you but does no damage.
You closely miss the phantom.
The phantom is almost destroyed.
The phantom hits you.
You die...

#...............#
...####.########.#
##.o..######..#
###..#.........##
.....?#
#.r.##o####'#..#
......#
#.####o#≈≈≈≈#..# .
......# #.#
#r#≈_⌠≈#..# .#
..(...# ##.#
#W#≈.>≈#..## #.
...... ##oo#
#@#≈≈≈≈#...# ..
.... #.o##
#.######..## #.
#r#####.##
#........## #
#o.##...#
######...# #
##.)..### ###.#.#
# #.#### #...#.# #
#.#
#..#...########
#.#
#.##..........#
#.# #..
##########.##


You could see a phantom, 3 orcs and a quokka.

Vanquished Creatures
  2 adders (D:3)
  A worm (D:2)
  3 dart slugs
  2 orcs (D:3)
  6 endoplasms
  2 giant cockroaches
  3 goblins
  6 quokkas
  8 ball pythons
  5 bats
  7 frilled lizards
  3 kobolds
  6 rats
54 creatures vanquished.

Notes
Turn   | Place    | Note
-------+----------+-------------------------------------------
     0 | D:1      | SeanCanFly the Hill Orc Monk began the quest for the Orb.
     0 | D:1      | Reached XP level 1. HP: 19/19 MP: 1/1
   208 | D:1      | Reached XP level 2. HP: 22/27 MP: 2/2
   696 | D:1      | Reached skill level 1 in Armour
   757 | D:1      | Reached XP level 3. HP: 33/33 MP: 3/3
  1299 | D:2      | Noticed an eye of devastation
  1300 | D:2      | Found a faded altar of an unknown god.
  1303 | D:2      | Noticed a great orb of eyes
  1303 | D:2      | Noticed a floating eye
  1303 | D:2      | Noticed a golden eye
  1717 | D:3      | Reached skill level 5 in Axes
  1717 | D:3      | Reached XP level 4. HP: 26/40 MP: 4/4
  1924 | D:3      | Found an opulent altar of Gozag.
  1933 | D:3      | Found Weneeg's Jewellery Shoppe.
  2064 | D:3      | Noticed a phantom
  2098 | D:3      | HP: 2/40 [phantom (8)]
  2112 | D:3      | Slain by a phantom

Illustrated notes

Levels and vault maps discovered:
D:1:      mrwooster_arrival_statue_2, layout_basic, minmay_misc_feat_enclosed
D:2:      layout_rooms, hellmonk_ecumenical_altar_watching_god,
          hangedman_abyss_or_decor_stabs, minivault_25, minmay_tetromino_o4
D:3:      layout_rooms, general_overflow_altar, serial_shops,
          nicolae_square_shop, minmay_increasing_density

Skill      XL: |  1  2  3  4 |
---------------+-------------+-----
Armour         | 1 2 |  2.2
Fighting       | 4 |  4.2
Axes           | 5 |  5.3
Dodging        | |  2.5
Stealth        | |  1.5

Action                   |  1- 3 |  4- 6 || total
-------------------------+-------+-------++-------
Melee: Hand axe          |   115 |    60 ||   175
  Use: Scroll            |     2 |       ||     2
 Stab: Sleeping          |     3 |       ||     3
Armor: Robe              |     1 |       ||     1
       Ring mail         |    18 |       ||    18
       Scale mail        |    25 |    20 ||    45
Dodge: Dodged            |    72 |    27 ||    99
